 Dungeon Crawl Stone Soup version 0.25-a0-435-g4b9beb1024 (webtiles) character file.

Game seed: 17822143957689976953, levelgen mode: deterministic

19 jt the Magician (level 2, -2/17 HPs)
             Began as an Octopode Wizard on Jan 26, 2020.
             Slain by a hobgoblin (3 damage)
             ... on level 1 of the Dungeon.
             The game lasted 00:02:08 (1014 turns).

jt the Magician (Octopode Wizard)                   Turns: 1014, Time: 00:02:09

Health: -2/17      AC:  1    Str:  6    XL:     2   Next: 75%
Magic:  5/6        EV: 13    Int: 20    God:
Gold:   30         SH:  0    Dex: 10    Spells: 4/7 levels left

rFire    . . .     SeeInvis .   (no weapon)
rCold    . . .     Gourm    .   (no shield)
rNeg     . . .     Faith    .   a - +0 hat
rPois    .         Spirit   .   (no amulet)
rElec    .         Reflect  .   (no ring)
rCorr    .         Harm     .   (no ring)
MR       .....                  (no ring)
Stlth    +++.......             (no ring)
HPRegen  0.05/turn              (no ring)
MPRegen  0.10/turn              (no ring)
                                (no ring)
                                (no ring)

@: hasted, very quick
A: almost no armour, stealthy swim, amphibious, 8 rings, constrict 8, camouflage
1, gelatinous body 1
a: no special abilities


You were on level 1 of the Dungeon.
You were not hungry.

You visited 1 branch of the dungeon, and saw 1 of its levels.

You collected 30 gold pieces.

Inventory:

Hand Weapons
 l - a +0 hunting sling
Missiles
 b - 48 stones (quivered)
 f - 41 poisoned darts
 i - 6 javelins
 j - 18 arrows
Armour
 a - a +0 hat (worn)
Jewellery
 m - an uncursed ring of protection from cold {unknown}
Scrolls
 e - a scroll of teleportation {unknown}
 h - a scroll of identify {unknown}
Potions
 g - a potion of haste
 k - a potion of curing {unknown}
Comestibles
 c - a ration
 d - 2 chunks of flesh


   Skills:
 - Level 2.0 Dodging
 - Level 2.6 Stealth
 + Level 3.3 Spellcasting
 + Level 1.8 Conjurations
 + Level 1.3 Summonings
   Level 1.0 Translocations


You had 4 spell levels left.
You knew the following spells:

 Your Spells              Type           Power        Failure   Level  Hunger
a - Magic Dart            Conj           ##..         7%          1    None
b - Call Imp              Summ           #.......     12%         2    ##.....

Your spell library contained the following spells:

 Spells                   Type           Power        Failure   Level  Hunger
 Blink                    Tloc           N/A          14%         2    ##.....
 Slow                     Hex            #.......     21%         2    ##.....
 Conjure Flame            Conj/Fire      #.......     28%         3    ###....
 Mephitic Cloud           Conj/Pois/Air  #.......     32%         3    ###....


Dungeon Overview and Level Annotations

Branches:
Dungeon (1/15)

Altars:


Innate Abilities, Weirdness & Mutations

You cannot wear most types of armour.
You are very stealthy in the water. (Stealth+)
You are amphibious.
You can wear up to eight rings at the same time.
You can use your tentacles to constrict eight enemies at once.
Your skin changes colour to match your surroundings (Stealth+).
Your rubbery body absorbs attacks. (AC +1, EV +1)


Message History

You tentacle-slap the hobgoblin. You grab the hobgoblin.
The hobgoblin is heavily wounded.
You constrict the hobgoblin, but do no damage.
The hobgoblin misses you.
Casting: Magic Dart (safe; 7% risk of failure)
Confirm with . or Enter, or press ? or * to list all spells.
Aiming: Magic Dart (safe; 7% risk of failure)
Press: ? - help, Shift-Dir - straight line, f - hobgoblin
Aim: a hobgoblin (heavily wounded, constricted by you)
The magic dart hits the hobgoblin but does no damage.
The hobgoblin is heavily wounded.
You constrict the hobgoblin. The hobgoblin hits you.
* * * LOW HITPOINT WARNING * * *
Press: ? - help, v - describe, . - travel
Here: a hobgoblin (severely wounded, constricted by you)
A shaft.
Okay, then.
It was a potion of haste.
You feel yourself speed up.
You constrict the hobgoblin. The hobgoblin hits you.
You die...

#.#.####+#.# ##.#........#
# ...####.....##
########.#
.....#.......###........#
.###....).....##.#...##
..............'.......#.#
.###.....รท....##.#......#
.# #.#.......###g##.###.#
.###.##.....## #@.......#
.....###...## ####.#####
.##### ##'## #.# .# #.#
#.# .########.### #.#
.......##...# #.#
######.#..#.### #.#
#....#...#####.#
#..#####.......#


You could see a hobgoblin.

Vanquished Creatures
  2 leopard geckos (D:1)
  3 bats (D:1)
  A giant cockroach (D:1)
  3 goblins (D:1)
  A hobgoblin (D:1)
  A kobold (D:1)
  2 frilled lizards (D:1)
  3 rats (D:1)
16 creatures vanquished.

Notes
Turn   | Place    | Note
-------+----------+-------------------------------------------
     0 | D:1      | jt the Octopode Wizard began the quest for the Orb.
     0 | D:1      | Reached XP level 1. HP: 11/11 MP: 4/4
   261 | D:1      | Reached XP level 2. HP: 17/17 MP: 4/6
   265 | D:1      | Learned a level 2 spell: Call Imp
  1014 | D:1      | Slain by a hobgoblin

Levels and vault maps discovered:
D:1:      ncdulo_watergridlock, layout_loops_corners

Action                   || total
-------------------------++-------
Melee: Unarmed           ||    39
       Constrict         ||    11
       Tentacles         ||     3
Throw: Stone             ||     1
 Cast: Magic Dart        ||    18
  Use: Potion            ||     1
 Stab: Sleeping          ||     4
Armor: Skin              ||     6
Dodge: Dodged            ||    30

Table legend:
 A = Non-vault XP
 B = Vault XP
 C = Vault XP percentage of total XP
 D = Non-vault monster count
 E = Vault monster count
 F = Vault count percentage of total count
                 A         B        C        D         E       F
            +---------+---------+-------+---------+---------+-------
      Total |      28 |       0 |   0.0 |      16 |       0 |   0.0
            +---------+---------+-------+---------+---------+-------
        D:1 |      28 |       0 |   0.0 |      16 |       0 |   0.0
            +---------+---------+-------+---------+---------+-------
